 Dungeon Crawl Stone Soup version 0.20.1-1-g8b1a95d (webtiles) character file.

296 Kosschaser the Chopper (level 6, 0/56 HPs)
             Began as a Hill Orc Berserker on July 8, 2017.
             Was a Believer of Trog.
             Slain by Blork the orc
             ... wielding a +1 glaive of freezing
              (6 damage)
             ... on level 4 of the Dungeon.
             The game lasted 00:07:11 (2529 turns).

Kosschaser the Chopper (Hill Orc Berserker)         Turns: 2529, Time: 00:07:12

Health: 0/56       AC: 11    Str: 20    XL:     6   Next: 35%
Magic:  6/6        EV: 12    Int:  7    God:    Trog [**....]
Gold:   264        SH:  0    Dex: 12    Spells: 5/5 levels left

rFire    + . .     SeeInvis .   a - +0 hand axe
rCold    . . .     Gourm    .   (no shield)
rNeg     . . .     Faith    .   s - +2 ring mail {rF+}
rPois    +         Spirit   .   r - +2 helmet
rElec    .         Reflect  .   q - +0 cloak {+Inv}
rCorr    .         Harm     .   (no gloves)
MR       .....                  (no boots)
Stlth    +.........             (no amulet)
Regen    0.2/turn               o - ring of poison resistance
MPRegen  0.1/turn               (no ring)

@: starving, drained
A: no striking features
a: Berserk, Trog's Hand, Burn Spellbooks, Renounce Religion, Evoke Invisibility


You were on level 4 of the Dungeon.
You worshipped Trog.
Trog was pleased with you.
You were starving.

You visited 1 branch of the dungeon, and saw 4 of its levels.

You collected 264 gold pieces.

Inventory:

Hand Weapons
 a - a +0 hand axe (weapon)
Armour
 q - a +0 cloak of invisibility (worn)
 r - a +2 helmet (worn)
 s - a +2 ring mail of fire resistance (worn)
Jewellery
 o - a ring of poison resistance (left hand)
 u - an uncursed ring of positive energy {unknown}
 x - a cursed ring of loudness {unknown}
Scrolls
 g - 4 scrolls of identify {unknown}
 h - a scroll of fog {unknown}
 i - 3 scrolls of immolation {unknown}
 j - a scroll of enchant armour {unknown}
 k - a scroll of noise {unknown}
 p - a scroll of recharging {unknown}
 t - 2 scrolls of teleportation {unknown}
 v - 2 scrolls of remove curse {unknown}
Potions
 b - a potion of might {unknown}
 e - 2 potions of curing
 m - a potion of heal wounds {unknown}
 n - a potion of agility {unknown}
 w - a potion of degeneration {unknown}
Comestibles
 c - a bread ration
 d - 2 meat rations
 f - a royal jelly
 l - a fruit


   Skills:
 + Level 5.1(5.0) Fighting
 + Level 6.8(6.6) Axes
 + Level 2.6(2.5) Armour
 + Level 2.7(2.6) Dodging
 + Level 0.6(0.4) Evocations


You had 5 spell levels left.
You didn't know any spells.

Dungeon Overview and Level Annotations

Branches:
Dungeon (4/15)
 Temple: D:4-7

Altars:
Cheibriados
Elyvilon

Annotations:
D:4 Blork the orc


Message History

Blork the orc hits you with a glaive of freezing.
Blork the orc freezes you. Blork the orc closely misses you.
Your skin stops crawling.
You feel less resistant to hostile enchantments.
Blork the orc looks braver for a moment.
Blork the orc points at you and mumbles some strange words.
The puff of flame hits you! You resist. Blork the orc casts a spell at you.
The puff of frost misses you.
Blork the orc hits you from afar with a glaive of freezing!
* * * LOW HITPOINT WARNING * * *
Blork the orc freezes you.
* * * LOW HITPOINT WARNING * * *
Okay, then.
Okay, then.
Blork the orc gestures at you while chanting.
The puff of frost misses you.
Blork the orc hits you from afar with a glaive of freezing.
You die...

# # #.# # #.# #.#.# #.# #.#
#.#.#.#.# #.# #.#.###.###.###
....#.#.# #.# #..............
........# #.# #.#.###.##..###
#...#.#######.### #.#.# #.##..#
#
#...#...........#####.###.##.##
# #..
#########.#o#......##.##.# #
#.. #.#.#.####.##.##.#### #.
..#.@......##.##..... #.
##########.####.##.##.####
...........# #.##.##.# #
############ #.# #.# # ..# #.#
# #.# ### # #.. # ## # .


You could see Blork the orc.

Vanquished Creatures
  An ogre (D:3)
  Crazy Yiuf (D:2)
  A bullfrog skeleton (D:4)
  Terence (D:2)
  Robin (D:2)
  A gnoll (D:2)
  2 adders (D:2)
  2 worms
  3 dart slugs (D:1)
  5 leopard geckos
  3 orcs (D:3)
  2 bats
  7 giant cockroaches
  13 goblins
  9 hobgoblins
  A quokka (D:3)
  A ball python skeleton (D:4)
  3 frilled lizards
  10 kobolds
  6 rats
73 creatures vanquished.

Vanquished Creatures (others)
  A quokka (D:2)
1 creature vanquished.

Grand Total: 74 creatures vanquished

Notes
Turn   | Place    | Note
-------+----------+-------------------------------------------
     0 | D:1      | Kosschaser the Hill Orc Berserker began the quest for the Orb.
     0 | D:1      | Reached XP level 1. HP: 19/19 MP: 1/1
    68 | D:1      | Reached XP level 2. HP: 17/27 MP: 2/2
   549 | D:1      | Reached XP level 3. HP: 24/33 MP: 3/3
   907 | D:2      | Found a runed door.
   927 | D:2      | Reached ** piety under Trog
  1013 | D:2      | Noticed Robin
  1028 | D:2      | Killed Robin
  1028 | D:2      | Reached skill level 5 in Axes
  1028 | D:2      | Reached XP level 4. HP: 35/41 MP: 4/4
  1171 | D:2      | Noticed Terence
  1180 | D:2      | Killed Terence
  1253 | D:2      | Found a white marble altar of Elyvilon.
  1468 | D:2      | Reached XP level 5. HP: 47/47 MP: 5/5
  1490 | D:2      | Noticed Crazy Yiuf
  1504 | D:2      | Killed Crazy Yiuf
  1699 | D:3      | Noticed an ogre
  1709 | D:3      | Killed an ogre
  1709 | D:3      | Reached skill level 5 in Fighting
  1709 | D:3      | Reached skill level 6 in Axes
  1709 | D:3      | Reached XP level 6. HP: 56/56 MP: 4/6
  1974 | D:3      | Found a snail-covered altar of Cheibriados.
  2489 | D:4      | Reached *** piety under Trog
  2494 | D:4      | Noticed Blork the orc
  2529 | D:4      | Slain by Blork the orc

Skill      XL: |  1  2  3  4  5 |
---------------+----------------+-----
Fighting       | 4 5 |  5.1
Dodging        | 2 |  2.7
Axes           | 5 6 |  6.8
Armour         | |  2.6
Evocations     | |  0.6

Action                   |  1- 3 |  4- 6 || total
-------------------------+-------+-------++-------
Melee: Hand axe          |    99 |   147 ||   246
Invok: Berserk           |     1 |     2 ||     3
       Trog's Hand       |       |     1 ||     1
 Abil: Evoke Invisibilit |       |     1 ||     1
 Stab: Sleeping          |     1 |       ||     1
  Eat: Chunk             |       |     7 ||     7
Armor: Animal skin       |    16 |     6 ||    22
       Ring mail         |       |    33 ||    33
Dodge: Dodged            |    75 |    96 ||   171
